 Dungeon Crawl Stone Soup version 0.28-a0-691-gad6df49e81 (webtiles) character file.

Game seed: 7736905819893654281

39 cheechan the Chopper (level 3, -5/34 HPs)
             Began as a Naga Monk on Oct 21, 2021.
             Slain by Terence (7 damage)
             ... on level 2 of the Dungeon.
             The game lasted 00:04:04 (1358 turns).

cheechan the Chopper (Naga Monk)                    Turns: 1358, Time: 00:04:04

Health: -5/34      AC:  4    Str: 14    XL:     3   Next: 45%
Magic:  3/3        EV: 10    Int: 10    God:
Gold:   44         SH:  0    Dex: 13    Spells: 2/2 levels left

rFire   . . .      SeeInvis +   a - +0 hand axe
rCold   . . .      Faith    .   (no shield)
rNeg    . . .      Spirit   .   b - +0 robe
rPois   +          Reflect  .   e - +2 hat
rElec   .          Harm     .   (no cloak)
rCorr   .          Rampage  .   (no gloves)
Will    .....                   (no barding)
Stlth   ++........              (no amulet)
HPRegen 0.11/turn               (no ring)
MPRegen 0.08/turn               (no ring)

@: short of breath, very slow
A: AC +1, large, see invisible, deformed body, poison resistance, slowness 2,
spit poison 1, naga tail 1
a: Spit Poison


You were on level 2 of the Dungeon.
You visited 1 branch of the dungeon, and saw 2 of its levels.

You collected 44 gold pieces.

Inventory:

Hand Weapons
 a - a +0 hand axe (weapon)
 d - a +0 dagger
 h - a +0 short sword
Missiles
 f - 16 stones
Armour
 b - a +0 robe (worn)
 e - a +2 hat (worn)
Magical Staves
 j - a staff of earth
Scrolls
 i - a scroll of teleportation
Potions
 g - a potion of cancellation


   Skills:
 + Level 3.5 Fighting
 + Level 3.8 Axes
 + Level 2.5 Dodging
 + Level 3.1 Stealth


You had 2 spell levels left.
You didn't know any spells.
Your spell library was empty.

Dungeon Overview and Level Annotations

Branches:
Dungeon (2/15)

Altars:
Uskayaw

Annotations:
D:2 Terence


Innate Abilities, Weirdness & Mutations

Your serpentine skin is tough. (AC +1)
You have supernaturally acute eyesight. (SInv)
Armour fits poorly on your strangely shaped body.
Your system is resistant to poisons. (rPois)
You cover ground very slowly.
You can spit poison.
You have a snake-like lower body.


Message History

You hit Terence.
Terence is lightly wounded.
Terence barely misses you.
A goblin comes into view. It is wielding a +0 dagger.
Terence hits you with a +0 flail of protection!
* * * LOW HITPOINT WARNING * * *
You closely miss Terence.
Terence is lightly wounded.
Terence hits you with a +0 flail of protection.
* * * LOW HITPOINT WARNING * * *
The goblin shouts!
You hit Terence but do no damage.
Terence is lightly wounded.
Terence closely misses you.
You feel better. Terence barely misses you.
Abil: Spit Poison
Press: ? - help, Q - select action, (/) - cycle Shift-Dir - straight line, f - Terence
Aim: Terence, wielding a +0 flail of protection and wearing a +0 ring mail (lightly wounded)
The splash of poison hits Terence.
Terence is lightly wounded.
Terence barely misses you.
Terence bares his teeth.
Terence hits you with a +0 flail of protection!
* * * LOW HITPOINT WARNING * * *
You hit Terence but do no damage.
Terence is lightly wounded.
You have got your breath back.
Terence barely misses you.
Abil: Spit Poison
Press: ? - help, Q - select action, (/) - cycle Shift-Dir - straight line, f/p - Terence
Aim: Terence, wielding a +0 flail of protection and wearing a +0 ring mail (lightly wounded)
The splash of poison misses Terence.
Terence barely misses you. The goblin hits you but does no damage.
You hit the goblin but do no damage. You hit Terence but do no damage.
Terence hits you with a +0 flail of protection.
* * * LOW HITPOINT WARNING * * *
The goblin hits you but does no damage.
You closely miss the goblin. You barely miss Terence.
Terence hits you with a +0 flail of protection!
You die...

#........
.........
#........
##.........#
...........#
#.........# .
#.........## ..:
#@.........# ....#
#@g........#
#...###..........#
#......<..†....#
#..##....[.)...#
#.. #..........#
...# ############
.### #


You could see Terence and a goblin.

Vanquished Creatures
  A dart slug (D:1)
  2 endoplasms (D:1)
  3 giant cockroaches (D:1)
  4 goblins (D:1)
  2 hobgoblins (D:1)
  4 jackals (D:1)
  2 kobolds
  A quokka (D:1)
  A ball python (D:1)
  4 bats (D:1)
  4 frilled lizards
  5 rats (D:1)
33 creatures vanquished.

Vanquished Creatures (others)
  2 fungi (D:1)
  5 plants (D:1)
7 creatures vanquished.

Grand Total: 40 creatures vanquished

Notes
Turn   | Place    | Note
-------+----------+-------------------------------------------
     0 | D:1      | cheechan the Naga Monk began the quest for the Orb.
     0 | D:1      | Reached XP level 1. HP: 21/21 MP: 1/1
    63 | D:1      | Reached XP level 2. HP: 14/28 MP: 2/2
   591 | D:1      | Noticed an eye of devastation
   594 | D:1      | Found a faded altar of an unknown god.
   596 | D:1      | Noticed an eye of devastation
   597 | D:1      | Noticed a shining eye
   597 | D:1      | Noticed a great orb of eyes
   606 | D:1      | Prayed at the altar of an unknown god.
   606 | D:1      | Became a worshipper of Uskayaw the Reveller
   606 | D:1      | Reached * piety under Uskayaw
   606 | D:1      | Reached ** piety under Uskayaw
   608 | D:1      | Fell from the grace of Uskayaw
   702 | D:1      | Reached XP level 3. HP: 19/34 MP: 3/3
  1340 | D:2      | Noticed Terence
  1358 | D:2      | Slain by Terence

Illustrated notes

Levels and vault maps discovered:
D:1:      wander_arrival_fairy_ring, layout_basic,
          hellmonk_ecumenical_altar_watching_god
D:2:      layout_rooms, uniq_sigmund, uniq_terence

Action                   || total
-------------------------++-------
Melee: Hand axe          ||   131
Invok: Renounce Religion ||     1
 Abil: Spit Poison       ||     3
  Use: Scroll            ||     5
       Potion            ||     1
Armor: Robe              ||    51
Dodge: Dodged            ||    74

Table legend: (Time is in decaauts)
 A = Elapsed time spent in this place.
 B = Non-inter-level travel time spent in this place.
 C = Inter-level travel time spent in this place.
 D = Time resting spent in this place.
 E = Time spent auto-exploring this place.
 F = Levels seen in this place.
 G = Mean time per level.
                   A        B        C        D        E       F      G
               +--------+--------+--------+--------+--------+-----+--------+
         Total |   1622 |   1622 |      0 |    594 |      0 |   2 |  811.0 |
       Dungeon |   1622 |   1622 |      0 |    594 |      0 |   2 |  811.0 |
               +--------+--------+--------+--------+--------+-----+--------+

Top non-repeatable levels by time:
     D:1: 1575 daAuts
     D:2: 47 daAuts
